 Dungeon Crawl Stone Soup version 0.27.0-1-g7a089689b8 (webtiles) character file.

Game seed: 8329795146127855530

2208 avis the Martial Artist (level 9, -5/58 HPs)
             Began as an Octopode Transmuter on Aug 14, 2021.
             Was an Initiate of Gozag.
             Killed from afar by Dowan (8 damage)
             ... with a puff of frost
             ... on level 7 of the Dungeon.
             The game lasted 00:45:32 (7037 turns).

avis the Martial Artist (Octopode Transmuter)       Turns: 7037, Time: 00:45:32

Health: -5/58      AC: 10    Str: 12    XL:     9   Next: 34%
Magic:  15/15      EV: 20    Int: 15    God:    Gozag
Gold:   251        SH:  0    Dex: 18    Spells: 8/16 levels left

rFire    + . .     SeeInvis .     - Unarmed
rCold    . . .     Faith    .   (shield currently unavailable)
rNeg     . . .     Spirit   .   (helmet currently unavailable)
rPois    x         Reflect  .   m - amulet of magic regeneration
rElec    .         Harm     .   u - ring of protection from fire
rCorr    .         Rampage  .   y - ring of the Tortoise {AC+8}
Will     .....                  (no ring)
Stlth    ++........             (no ring)
HPRegen  0.19/turn              (no ring)
MPRegen  0.39/turn              (no ring)
                                (no ring)
                                (no ring)

@: spider-form
A: venomous fangs, almost no armour, (amphibious), 8 rings, tiny, (camouflage
1), (gelatinous body 1), (nimble swimmer 1), (tentacles)
a: End Transformation, Renounce Religion, Potion Petition, Call Merchant, Bribe
Branch


You were on level 7 of the Dungeon.
You worshipped Gozag.
Gozag was aware of your devotion.
You were a venomous arachnid creature.
You visited 2 branches of the dungeon, and saw 8 of its levels.

You collected 329 gold pieces.
You paid 78 gold pieces to Gozag.

Inventory:

Hand Weapons
 a - a +3 quarterstaff of chaos (melded)
 b - a +2 dagger of freezing
 c - a +0 hunting sling
 e - a +1 dagger of protection
 w - a +0 mace of draining
Missiles
 d - 2 throwing nets
 f - 256 stones
 r - 11 sling bullets
 s - 5 boomerangs
 D - 3 atropa-tipped darts
 I - 4 javelins
Jewellery
 m - an amulet of magic regeneration (around neck)
 u - a ring of protection from fire (left front leg)
 y - the ring of the Tortoise (right front leg) {AC+8}
   (You found it on level 7 of the Dungeon)

   [ring of protection]

   AC:        It affects your AC (+8).
Wands
 z - a wand of flame (19)
Scrolls
 h - 3 scrolls of fog
 j - a scroll of magic mapping {unknown}
 l - 3 scrolls of teleportation
 q - 2 scrolls of blinking
 B - a scroll of amnesia {unknown}
 C - a scroll of noise {unknown}
 F - a scroll of enchant weapon {unknown}
 H - a scroll of vulnerability {unknown}
Potions
 g - a potion of ambrosia {unknown}
 k - a potion of haste
 x - a potion of cancellation
 G - a potion of brilliance


   Skills:
 - Level 4.0 Fighting
 - Level 3.0 Dodging
 - Level 3.0 Stealth
 * Level 8.5 Unarmed Combat
 - Level 4.0 Spellcasting
 - Level 5.0 Transmutations
 - Level 4.0 Ice Magic
 - Level 2.0 Poison Magic


You had 8 spell levels left.
You knew the following spells:

 Your Spells              Type           Power      Damage    Failure   Level
a - Beastly Appendage     Tmut           36%        N/A       9%          1
p - Spider Form           Tmut/Pois      6%         N/A       30%         3
q - Ice Form              Ice/Tmut       16%        N/A       50%         4

Your spell library contained the following spells:

 Spells                   Type           Power      Damage    Failure   Level
 Wereblood                Tmut           18%        N/A       12%         2


Dungeon Overview and Level Annotations

Branches:
Dungeon (7/15)             Temple (1/1) D:6

Altars:
Ashenzari
Cheibriados
Dithmenos
Elyvilon
Fedhas
Gozag
Hepliaklqana
Kikubaaqudgha
Makhleb
Nemelex Xobeh
Qazlal
Sif Muna
Trog
Uskayaw
Vehumet
Wu Jian
Xom
Yredelemnul
Zin
The Shining One

Shops:
D:5 *   D:6 [

Annotations:
D:7 Dowan, Duvessa


Innate Abilities, Weirdness & Mutations

You are a venomous arachnid creature.
You have poisonous fangs.
You are tiny and dextrous.
Your spellcasting is less reliable in this form.
Your armour is entirely melded.
You are incapable of wielding weapons or throwing items.
You cannot wear most types of armour.
((You are amphibious.))
You can wear up to eight rings at the same time.
((Your skin changes colour to match your surroundings (Stealth+).))
((Your rubbery body absorbs attacks. (AC +1, EV +1)))
((You are camouflaged near water. (Stealth+)))
((You have tentacles for arms and can constrict up to eight enemies at once.))


Message History

You feel yourself speed up. Duvessa misses you.
Duvessa says, "Practise, practise, practise!
One day you'll be as good as me." Duvessa completely misses you.
Dowan gestures wildly while chanting.
Dowan blinks!
A sky beast comes into view.
Duvessa completely misses you.
Duvessa gestures with her weapon.
Duvessa hits you with a +0 short sword. Duvessa hits you but does no damage.
Your transformation has ended.
Your +3 quarterstaff of chaos unmelds from your body.
Your +3 quarterstaff of chaos is briefly surrounded by a scintillating aura of random colours.
Duvessa misses you. Duvessa hits you with a +0 short sword!
* * * LOW HITPOINT WARNING * * *
Casting: Spider Form (dangerous; 13% risk of failure)
Confirm with . or Enter, or press ? or * to list all spells.
You turn into a venomous arachnid creature.
Your +3 quarterstaff of chaos melds into your body.
The sky beast flickers out of sight!
Deactivating autopickup; reactivate with Ctrl-A.
Duvessa hits you with a +0 short sword!
* * * LOW HITPOINT WARNING * * *
Duvessa closely misses you. Duvessa hits you with a +0 short sword!
* * * LOW HITPOINT WARNING * * *
Okay, then.
Okay, then.
As you read the scroll of fear, it crumbles to dust.
You assume a fearsome visage.
Duvessa looks frightened!
The kobold brigand looks frightened!
The kobold looks frightened!
Duvessa weeps quietly.
Duvessa yells, "Help!"
There is an escape hatch in the ceiling here.
Dowan gestures at you while chanting. The puff of frost hits you!
You die...
Your body crumbles into a pile of gold.

.###.#
#................... ##
#.# #.......##.......)..
######
#......###.......#..
..##.+
+................##.
#.##.#
#................###
.....#
#.....#..........# #
.....#
#.....##.##.##.... .
..#..####+##
##...###.###..#.....
#.##.......# ##.s.##...
..... .#
..#.e.e....###.........#
..
...........#............
...KK......e...>........
###.#.#.###.............
#...#.#.#.......##......
###.###.###....## ......
. ... ... ......# ......
. ... .......##... .#


You could see Dowan.

Vanquished Creatures
  A wyvern (D:7)
  A steam dragon (D:7)
  2 water moccasins
  A sky beast (D:5)
  A black bear (D:4)
  3 ogres
  A wyvern zombie (D:6)
  A wyvern skeleton (D:6)
  2 water moccasin zombies (D:6)
  An electric eel (D:7)
  A howler monkey (D:7)
  A bullfrog zombie (D:6)
  3 centaur zombies (D:6)
  A hound (D:6)
  A jelly (D:5)
  Crazy Yiuf (D:2)
  4 orc priests
  2 bullfrog skeletons
  3 iron imps (D:3)
  5 iguanas (D:6)
  2 orc wizards
  3 killer bee zombies (D:6)
  A hound zombie (D:5)
  A howler monkey zombie (D:6)
  A howler monkey skeleton (D:6)
  11 adders
  2 white imps
  2 ufetubi
  2 adder skeletons (D:4)
  A worm (D:5)
  A dart slug (D:1)
  25 orcs
  4 endoplasms
  2 giant cockroaches
  4 goblins
  2 hobgoblins
  2 jackals (D:3)
  3 quokkas
  2 ball pythons
  3 bats
  5 frilled lizards
  6 kobolds
  3 rats
124 creatures vanquished.

Vanquished Creatures (others)
  2 withered plants (D:6)
2 creatures vanquished.

Grand Total: 126 creatures vanquished

Notes
Turn   | Place    | Note
-------+----------+-------------------------------------------
     0 | D:1      | avis the Octopode Transmuter began the quest for the Orb.
     0 | D:1      | Reached XP level 1. HP: 13/13 MP: 3/3
   212 | D:1      | Reached skill level 1 in Stealth
   462 | D:1      | Reached XP level 2. HP: 18/18 MP: 3/5
   554 | D:1      | Found a faded altar of an unknown god.
  1159 | D:2      | Reached skill level 1 in Poison Magic
  1187 | D:2      | Reached XP level 3. HP: 24/24 MP: 4/6
  1470 | D:2      | Learned a level 3 spell: Spider Form
  1599 | D:2      | Found a runed translucent door.
  1600 | D:2      | Noticed Crazy Yiuf
  1617 | D:2      | Killed Crazy Yiuf
  1618 | D:2      | Reached XP level 4. HP: 29/29 MP: 5/7
  2107 | D:3      | Reached skill level 4 in Unarmed Combat
  2374 | D:3      | Found a burning altar of Makhleb.
  2397 | D:3      | Reached XP level 5. HP: 36/36 MP: 8/8
  2703 | D:4      | Noticed an ogre
  2722 | D:3      | Killed an ogre
  2723 | D:3      | Reached skill level 5 in Unarmed Combat
  2723 | D:3      | Reached XP level 6. HP: 35/42 MP: 9/9
  3768 | D:4      | You fall into a shaft and drop 3 floors!
  3769 | D:7      | Noticed a steam dragon
  3772 | D:7      | Found the ring of the Tortoise {AC+8}
  3776 | D:7      | Killed a steam dragon
  3777 | D:7      | Reached skill level 6 in Unarmed Combat
  3777 | D:7      | Reached XP level 7. HP: 36/46 MP: 8/10
  3852 | D:7      | Noticed a wyvern
  3865 | D:7      | Killed a wyvern
  4259 | D:6      | Reached skill level 7 in Unarmed Combat
  4267 | D:6      | Learned a level 4 spell: Ice Form
  4311 | D:6      | Reached XP level 8. HP: 49/54 MP: 8/11
  4673 | D:5      | Entered Level 5 of the Dungeon
  4753 | D:5      | Identified the +1 robe of Indecent Exposure {-Tele rPois
                  | rF++}
  4778 | D:5      | Reached skill level 8 in Unarmed Combat
  4919 | D:5      | Found Foriast's Assorted Antiques.
  5492 | D:5      | Found a bloodstained altar of Trog.
  5509 | D:5      | Found a shimmering blue altar of Sif Muna.
  5510 | D:5      | Found a shadowy altar of Dithmenos.
  5511 | D:5      | Found a radiant altar of Vehumet.
  5702 | D:6      | Reached XP level 9. HP: 48/58 MP: 13/13
  5724 | D:6      | Reached skill level 5 in Transmutations
  6228 | D:6      | Found a staircase to the Ecumenical Temple.
  6237 | Temple   | Entered the Ecumenical Temple
  6245 | Temple   | Became a worshipper of Gozag Ym Sagoz the Greedy
  6487 | D:6      | Found a sparkling altar of Nemelex Xobeh.
  6621 | D:6      | Found Sodommela's Antique Armour Shop.
  6996 | D:7      | Identified the amulet "Giufar" {Reflect Fly rPois rF+ Str-5
                  | SH+5}
  6996 | D:7      | Noticed Duvessa
  6998 | D:7      | Noticed Dowan
  7028 | D:7      | HP: 1/58 [Duvessa (8)]
  7037 | D:7      | Killed from afar by Dowan

Illustrated notes

Levels and vault maps discovered:
D:1:      dpeg_arrival_fog, layout_basic, chequers_ecumenical_altar_simple,
          minmay_misc_feat_four_crosses
D:2:      layout_rooms, uniq_crazy_yiuf_cottage
D:3:      layout_basic, demons_altar
D:4:      layout_loops_ring
D:5:      layout_rooms, mainiacjoe_overflow_alcove_3, serial_shops,
          kennysheep_mini_moat, minmay_strange_pillars
D:6:      layout_basic, nemelex_dance_club_becter,
          minmay_temple_entry_crystal_x, serial_shops, nicolae_shop_statue_plus,
          serial_undead, serial_undead_f, serial_undead_b, serial_undead_c,
          serial_undead_e, serial_undead_c, serial_undead_e
D:7:      layout_cave_pools, grunt_ministairs_11, kennysheep_donut,
          minmay_misc_feat_nine_boxes, nicolae_water_bricks,
          kennysheep_generic_room_8, uniq_duvessa
Temple:   nicolae_temple_great_sept

Skill      XL: |  1  2  3  4  5  6  7  8  9 |
---------------+----------------------------+-----
Stealth        | 2 3 |  3.0
Fighting       | 2 3 4 |  4.0
Poison Magic   | 1 2 |  2.0
Unarmed Combat | 4 5 6 7 8 |  8.5
Dodging        | 3 |  3.0
Transmutations | 3 4 5 |  5.0
Spellcasting   | 3 4 |  4.0
Ice Magic      | 4 |  4.0

Action                   |  1- 3 |  4- 6 |  7- 9 || total
-------------------------+-------+-------+-------++-------
Melee: Quarterstaff      |    38 |    49 |    87 ||   174
       Constrict         |    13 |    12 |    16 ||    41
       Tentacles         |     7 |     8 |    17 ||    32
       Kick              |     7 |     9 |    28 ||    44
       Unarmed           |     4 |    35 |   104 ||   143
       Rapier            |     3 |       |       ||     3
       Punch             |       |       |     3 ||     3
 Cast: Beastly Appendage |    23 |    25 |    28 ||    76
       Spider Form       |     1 |     7 |    22 ||    30
 Abil: End Transformatio |       |       |     1 ||     1
  Use: Scroll            |       |       |    10 ||    10
 Stab: Sleeping          |     6 |     5 |    11 ||    22
       Distracted        |       |       |     1 ||     1
       Petrifying        |       |       |     1 ||     1
       Petrified         |       |       |     1 ||     1
Armor: Skin              |     3 |     5 |    56 ||    64
Dodge: Dodged            |    22 |    73 |   119 ||   214
